 Dungeon Crawl Stone Soup version 0.31-a0-354-g827e0957a7 (webtiles) character file.

Game seed: 284797363995164616

270 Locuples the Magician (level 6, -1/32 HPs)
             Began as a Deep Elf Venom Mage on July 24, 2023.
             Slain by Grinder (3 damage)
             ... on level 4 of the Dungeon.
             The game lasted 00:09:55 (3244 turns).

Locuples the Magician (Deep Elf Venom Mage)         Turns: 3244, Time: 00:09:57

Health: -1/32      AC:  2    Str:  5    XL:     6   Next: 1%
Magic:  8/17       EV: 12    Int: 22    God:
Gold:   109        SH:  0    Dex: 15    Spells: 14/18 levels left

rFire   . . .        h - +0 dagger (venom)
rCold   . . .        (no shield)
rNeg    . . .        a - +0 robe
rPois   .            (no helmet)
rElec   .            (no cloak)
rCorr   .            (no gloves)
SInv    .            (no boots)
Will    .....        (no amulet)
Stlth   ++           (no ring)
HPRegen 0.25/turn    (no ring)
MPRegen 0.15/turn

%: no passive effects
@: no status effects
A: no striking features
a: no special abilities


You were on level 4 of the Dungeon.
You visited 1 branch of the dungeon, and saw 4 of its levels.

You collected 109 gold pieces.

Inventory:

Hand Weapons
 h - a +0 dagger of venom (weapon)
Armour
 a - a +0 robe (worn)
Jewellery
 o - a ring of flight
Scrolls
 c - 3 scrolls of fog {unknown}
 d - a scroll of blinking {unknown}
 f - 2 scrolls of teleportation {unknown}
 g - 2 scrolls of identify {unknown}
 j - 2 scrolls of silence {unknown}
 k - a scroll of enchant weapon {unknown}
 l - a scroll of amnesia {unknown}
 m - a scroll of poison {unknown}
 n - a scroll of vulnerability {unknown}
Potions
 b - a potion of magic
 e - a potion of brilliance {unknown}
 i - a potion of curing {unknown}


   Skills:
 - Level 2.4 Dodging
 - Level 2.4 Stealth
 * Level 6.7 Spellcasting
 + Level 0.1 Conjurations
 + Level 2.9 Transmutations
 + Level 4.5 Poison Magic


You had 14 spell levels left.
You knew the following spells:

 Your Spells              Type           Power      Damage    Failure   Level
a - Sting                 Tmut/Pois      92%        1d7       1%          1
b - Mephitic Cloud        Conj/Pois/Air  14%        N/A       13%         3

Your spell library contained the following spells:

 Spells                   Type           Power      Damage    Failure   Level
 Poisonous Vapours        Pois/Air       34%        N/A       4%          2
 Necrotise                Necr           28%        1d5       9%          1
 Olgreb's Toxic Radiance  Pois           27%        N/A       13%         4
 Frozen Ramparts          Ice            14%        1d3       26%         3
 Vampiric Draining        Necr           7%         2d6       26%         3
 Petrify                  Tmut/Erth      13%        N/A       43%         4
 Agony                    Necr           7%         N/A       93%         5
 Metabolic Englaciation   Hex/Ice        3%         N/A       93%         5


Dungeon Overview and Level Annotations

Branches:
Dungeon (4/15)
 Temple: D:4-7

Altars:
Cheibriados
Zin

Shops:
D:3 [

Annotations:
D:4 Grinder


Message History

Aiming: Sting (safe; 1% risk of failure)
Press: ? - help, Q - select action Shift-Dir - straight line, f/p - Grinder
Aim: Grinder (lightly wounded, poisoned, 73% to hit)
The sting misses Grinder.
Grinder gestures at you. You resist with some effort.
Aiming: Sting (safe; 1% risk of failure)
Press: ? - help, Q - select action Shift-Dir - straight line, f/p - Grinder
Aim: Grinder (lightly wounded, poisoned, 73% to hit)
The sting hits Grinder.
Grinder partially resists.
Grinder looks even sicker.
Grinder is lightly wounded.
Grinder misses you.
Aiming: Sting (safe; 1% risk of failure)
Press: ? - help, Q - select action Shift-Dir - straight line, f/p - Grinder
Aim: Grinder (lightly wounded, very poisoned, 73% to hit)
The sting hits Grinder.
Grinder partially resists.
Grinder looks even sicker.
Grinder is lightly wounded.
Grinder closely misses you.
Aiming: Sting (safe; 1% risk of failure)
Press: ? - help, Q - select action Shift-Dir - straight line, f/p - Grinder
Aim: Grinder (moderately wounded, very poisoned, 73% to hit)
The sting hits Grinder.
Grinder partially resists.
Grinder is moderately wounded.
Grinder hits you!
You writhe in agony.
Aiming: Sting (safe; 1% risk of failure)
Press: ? - help, Q - select action Shift-Dir - straight line, f/p - Grinder
Aim: Grinder (moderately wounded, very poisoned, 73% to hit)
The sting hits Grinder.
Grinder partially resists.
Grinder is moderately wounded.
Grinder hits you!
* * * LOW HITPOINT WARNING * * *
You writhe in agony.
* * * LOW HITPOINT WARNING * * *
Aiming: Sting (safe; 1% risk of failure)
Press: ? - help, Q - select action Shift-Dir - straight line, f/p - Grinder
Aim: Grinder (moderately wounded, very poisoned, 73% to hit)
The sting hits Grinder.
Grinder partially resists.
Grinder is heavily wounded.
Grinder hits you.
You die...

## ##### #.#
#.###...###.#
##..........#
#.....5@...# .
..##..######...##
# #.... ##.....#
# #...
###..###.....
#...###...## ....
### ##....#...##
...
..####........##
..
..............##
.. #
#...........##
...


You could see Grinder (very poisoned).

Vanquished Creatures
  Sigmund (D:4)
  An iguana (D:4)
  2 adders (D:2)
  3 dart slugs (D:1)
  2 worms (D:3)
  An orc (D:3)
  5 endoplasms
  2 giant cockroaches
  7 hobgoblins
  9 jackals
  2 quokkas
  5 ball pythons
  6 bats
  4 frilled lizards
  4 goblins
  6 kobolds
  3 rats
63 creatures vanquished.

Notes
Turn   | Place    | Note
-------+----------+-------------------------------------------
     0 | D:1      | Locuples the Deep Elf Venom Mage began the quest for the
                  | Orb.
     0 | D:1      | Reached XP level 1. HP: 10/10 MP: 6/6
   123 | D:1      | Reached XP level 2. HP: 15/15 MP: 2/8
   511 | D:1      | Reached skill level 4 in Spellcasting
   610 | D:1      | Reached XP level 3. HP: 19/19 MP: 2/10
  1955 | D:3      | Reached XP level 4. HP: 24/24 MP: 7/12
  1955 | D:3      | Found a snail-covered altar of Cheibriados.
  2236 | D:3      | Found Yceryj's Armour Boutique.
  2477 | D:3      | Found a glowing silver altar of Zin.
  2533 | D:3      | Reached skill level 5 in Spellcasting
  2609 | D:3      | Learned a level 3 spell: Mephitic Cloud
  2843 | D:4      | Noticed Sigmund
  2852 | D:4      | Killed Sigmund
  2853 | D:4      | Reached skill level 6 in Spellcasting
  2853 | D:4      | Reached XP level 5. HP: 28/28 MP: 4/15
  3110 | D:4      | Reached XP level 6. HP: 8/32 MP: 13/17
  3231 | D:4      | Noticed Grinder
  3233 | D:4      | Paralysed by Grinder for 5 turns
  3244 | D:4      | Slain by Grinder

Illustrated notes

Levels and vault maps discovered:
D:1:      onia_arrival_pyramid, layout_rooms, moated_statue, minmay_ruptured
D:2:      layout_loops_corners, grunt_decor_resistance
D:3:      layout_loops_ring, zin_treasury, mainiacjoe_overflow_small_starburst,
          serial_shops, nicolae_shop_statue_plus, st_stairs_7
D:4:      layout_layer_cave, uniq_blork_the_orc, uniq_pikel, uniq_sigmund,
          uniq_grinder

Skill      XL: |  1  2  3  4 |
---------------+-------------+-----
Spellcasting   | 4 6 |  6.7
Poison Magic   | 4 |  4.5
Transmutations | 2 |  2.9
Dodging        | |  2.4
Stealth        | |  2.4
Conjurations   | |  0.1

Action                     |  1- 3 |  4- 6 || total
---------------------------+-------+-------++-------
  Melee: Unarmed           |     6 |       ||     6
         Dagger            |     5 |    13 ||    18
   Cast: Sting             |    82 |    55 ||   137
         Mephitic Cloud    |       |     2 ||     2
 Armour: Robe              |    10 |    13 ||    23
  Dodge: Dodged            |    31 |    35 ||    66

Table legend: (Time is in decaauts)
 A = Elapsed time spent in this place.
 B = Non-inter-level travel time spent in this place.
 C = Inter-level travel time spent in this place.
 D = Time resting spent in this place.
 E = Time spent auto-exploring this place.
 F = Levels seen in this place.
 G = Mean time per level.
                   A        B        C        D        E       F      G
               +--------+--------+--------+--------+--------+-----+--------+
         Total |   3243 |   3136 |    107 |    306 |   2355 |   4 |  810.8 |
       Dungeon |   3243 |   3136 |    107 |    306 |   2355 |   4 |  810.8 |
               +--------+--------+--------+--------+--------+-----+--------+

Top non-repeatable levels by time:
     D:3: 1151 daAuts
     D:2: 1060 daAuts
     D:1: 738 daAuts
     D:4: 293 daAuts
